 Dungeon Crawl Stone Soup version 0.28.0-53-g5a82cb258f (webtiles) character file.

Game seed: 10598516292413974820

361 SanguineChosen the Chopper (level 6, -10/53 HPs)
             Began as a Minotaur Berserker on July 28, 2022.
             Was a Priest of Trog.
             Mangled by an ogre
             ... wielding a +0 giant club
              (26 damage)
             ... on level 5 of the Dungeon.
             The game lasted 00:15:48 (3413 turns).

SanguineChosen the Chopper (Minotaur Berserker)     Turns: 3413, Time: 00:15:48

Health: -10/53     AC:  6    Str: 24    XL:     6   Next: 38%
Magic:  5/5        EV: 10    Int:  4    God:    Trog [***...]
Gold:   122        SH: 12    Dex:  9    Spells: 5/5 levels left

rFire   . . .      SeeInvis .   a - +0 hand axe
rCold   . . .      Faith    .   c - +0 kite shield
rNeg    . . .      Spirit   .   q - +0 ring mail
rPois   .          Reflect  +   (helmet restricted)
rElec   .          Harm     .   (no cloak)
rCorr   .          Rampage  .   (no gloves)
Will    .....                   k - +0 pair of boots
Stlth   ..........              d - amulet of reflection
HPRegen 0.17/turn               (no ring)
MPRegen 0.09/turn               (no ring)

@: no status effects
A: horns 2, retaliatory headbutt
a: Renounce Religion, Berserk, Trog's Hand


You were on level 5 of the Dungeon.
You worshipped Trog.
Trog was most pleased with you.
You visited 1 branch of the dungeon, and saw 5 of its levels.

You collected 122 gold pieces.

Inventory:

Hand Weapons
 a - a +0 hand axe (weapon)
 p - a +5 vorpal mace
Armour
 b - a +0 animal skin
 c - a +0 kite shield (worn)
 k - a +0 pair of boots (worn)
 q - a +0 ring mail (worn)
Jewellery
 d - an amulet of reflection (around neck)
 f - an amulet of faith
Wands
 o - a wand of iceblast (5)
Scrolls
 h - a scroll of fog {unknown}
 i - 3 scrolls of blinking
 n - a scroll of teleportation {unknown}
Potions
 g - a potion of degeneration {unknown}
 j - a potion of might {unknown}
 l - a potion of mutation {unknown}
 m - 2 potions of flight


   Skills:
 + Level 4.6 Fighting
 + Level 6.6 Axes
 + Level 3.0 Armour
 + Level 3.7 Dodging
 - Level 0.1 Stealth
 + Level 2.4 Shields


You had 5 spell levels left.
You didn't know any spells.
Your spell library was empty.

Dungeon Overview and Level Annotations

Branches:
Dungeon (5/15)
 Temple: D:4-7

Altars:

Shops:
D:1 [


Innate Abilities, Weirdness & Mutations

You have a pair of horns on your head.
You reflexively headbutt those who attack you in melee.


Message History

You headbutt the orc, but do no damage. You hit the orc.
You kill the orc!
Trog accepts your kill.
The ogre hits you with a +0 giant club!!
You hit the ogre but do no damage. You hit the ogre but do no damage.
The ogre closely misses you. You furiously retaliate!
You headbutt the ogre! You closely miss the ogre.
Your headbutt misses the ogre.
The ogre is moderately wounded.
You block the ogre's attack.
You hit the ogre.
The ogre is heavily wounded.
The ogre barely misses you.
You hit the ogre. Your headbutt misses the ogre.
The ogre is severely wounded.
The ogre hits you with a +0 giant club!
* * * LOW HITPOINT WARNING * * *
You slash the ogre!
You kill the ogre!
Trog accepts your kill. You block the ogre's attack.
Your Armour skill increases to level 3!
You feel better.
You slash the ogre!
The ogre is moderately wounded.
The ogre hits you with a +0 giant club!
You hit the ogre.
The ogre is heavily wounded.
The ogre misses you.
You hit the ogre.
The ogre is severely wounded.
The ogre hits you with a +0 giant club.
* * * LOW HITPOINT WARNING * * *
You feel better. The ogre hits you with a +0 giant club!
* * * LOW HITPOINT WARNING * * *
You hit the ogre.
The ogre is severely wounded.
The ogre hits you with a +0 giant club!!
You die...

##.#.##
#.....#
##.#.##
#.....#
##<#.##
#.....#
##.#.###
#......#
##.#.#@#
#.###O#
#.. .Z.
#######.
#. .. ..
..


You could see an ogre and an adder skeleton.

Vanquished Creatures
  An ogre (D:5)
  A water moccasin zombie (D:5)
  A bullfrog zombie (D:5)
  A hound (D:4)
  2 orc wizards (D:5)
  2 adders (D:4)
  An adder skeleton (D:4)
  A worm (D:3)
  A dart slug (D:2)
  5 orcs
  7 bats
  7 endoplasms
  5 giant cockroaches
  4 hobgoblins
  9 jackals
  9 ball pythons
  A frilled lizard (D:3)
  11 goblins
  4 kobolds
  7 rats
80 creatures vanquished.

Notes
Turn   | Place    | Note
-------+----------+-------------------------------------------
     0 | D:1      | SanguineChosen the Minotaur Berserker began the quest for
                  | the Orb.
     0 | D:1      | Reached XP level 1. HP: 19/19 MP: 0/0
   129 | D:1      | Reached skill level 4 in Axes
   129 | D:1      | Reached XP level 2. HP: 22/27 MP: 1/1
   438 | D:1      | Found Lisic Ini's Armour Shop.
   507 | D:1      | Found a faded altar of an unknown god.
   733 | D:1      | Reached XP level 3. HP: 33/33 MP: 2/2
   793 | D:1      | Reached ** piety under Trog
  1944 | D:3      | Reached skill level 5 in Axes
  2176 | D:3      | Reached XP level 4. HP: 28/40 MP: 3/3
  2636 | D:4      | Reached *** piety under Trog
  2688 | D:4      | Reached skill level 1 in Shields
  2921 | D:4      | Reached XP level 5. HP: 38/47 MP: 4/4
  3287 | D:5      | Entered Level 5 of the Dungeon
  3316 | D:5      | Reached skill level 6 in Axes
  3388 | D:5      | Noticed an ogre
  3390 | D:5      | Noticed an ogre
  3398 | D:5      | Reached XP level 6. HP: 53/53 MP: 5/5
  3413 | D:5      | Mangled by an ogre

Illustrated notes

Levels and vault maps discovered:
D:1:      dpeg_arrival_castle, layout_rooms, serial_shops, shop,
          shapermc_ecumenical_altar_flowoftime
D:2:      layout_loops_ring
D:3:      layout_basic, item_on_display_a
D:4:      layout_cave_pools
D:5:      layout_cave_pools, minmay_temple_entry_proselytizer, serial_shops,
          kennysheep_little_box, st_stairs_13

Skill      XL: |  1  2  3  4  5  6 |
---------------+-------------------+-----
Axes           | 4 5 6 |  6.6
Fighting       | 4 |  4.6
Dodging        | 3 |  3.7
Shields        | 1 2 |  2.4
Armour         | 3 |  3.0
Stealth        | |  0.1

Action                   |  1- 3 |  4- 6 || total
-------------------------+-------+-------++-------
Melee: Hand axe          |   114 |    86 ||   200
       Headbutt          |    14 |    12 ||    26
       Punch             |     2 |       ||     2
  Use: Scroll            |     4 |     1 ||     5
       Potion            |       |     2 ||     2
Armor: Animal skin       |    19 |     5 ||    24
       Ring mail         |       |     5 ||     5
Dodge: Dodged            |    71 |    27 ||    98
Block: Other             |     8 |       ||     8
       Kite shield       |    14 |    41 ||    55
       Reflection        |     4 |       ||     4
